 Dungeon Crawl Stone Soup version 0.31.0-9-g3a7656b989 (webtiles) character file.

Game seed: 3256533008338741046

110387 Kenran the Severer (level 16, -5/110 HPs)
             Began as a Gargoyle Fighter on Jan 28, 2024.
             Was the Champion of Trog.
             Killed by divine providence
             ... invoked by an orc priest
              (14 damage)
             ... on level 2 of the Orcish Mines.
             The game lasted 00:42:24 (19489 turns).

Kenran the Severer (Gargoyle Fighter)              Turns: 19489, Time: 00:42:25

Health: -5/110     AC: 37    Str: 27    XL:     16   Next: 54%
Magic:  0/16       EV: 10    Int: 13    God:    Trog [******]
Gold:   3134       SH:  0    Dex: 14    Spells: 15/15 levels left

rFire   + . .        a - +5 broad axe of Amergh {heavy, rF+ Dex+5}
rCold   . . .        m - orb {light}
rNeg    + . .        w - +0 plate armour
rPois   ∞            N - +2 helmet {SInv}
rElec   +            O - +0 cloak
rCorr   .            K - +2 pair of gloves
SInv    +            j - +0 pair of boots
Will    +....        I - amulet of Fifipeh {Spirit rPois Regen+ Int+3} Stlth
                     r - +4 ring of slaying
HPRegen 1.18/turn    p - +4 ring of slaying
MPRegen 0.15/turn

%: guardian spirit
@: flying, glowing
A: sickness immunity, AC +12, big wings, negative energy resistance 1,
electricity resistance, torment resistance 1, petrification resistance
a: Renounce Religion, Berserk, Trog's Hand, Brothers in Arms


You were on level 2 of the Orcish Mines.
You worshipped Trog.
Trog was exalted by your worship.
You visited 4 branches of the dungeon, and saw 23 of its levels.
You also visited: Volcano.

You collected 3215 gold pieces.
You spent 81 gold pieces at shops.

Inventory:

Hand Weapons
 a - the +5 broad axe of Amergh (weapon) {heavy, rF+ Dex+5}
   (You acquired it on level 2 of the Lair of Beasts)

   Dex+5:     It affects your dexterity (+5).
   rF+:       It protects you from fire.
 b - a +3 trident of flaming
 o - a +1 heavy executioner's axe
 Q - a +1 battleaxe of flaming
Missiles
 C - 4 throwing nets (quivered)
Armour
 j - a +0 pair of boots (worn)
 m - an orb of light (worn)
 w - a +0 plate armour (worn)
 K - a +2 pair of gloves (worn)
 N - a +2 helmet of see invisible (worn)
 O - a +0 cloak (worn)
Jewellery
 p - a +4 ring of slaying (right hand)
 r - a +4 ring of slaying (left hand)
 A - a ring of fire
 I - the amulet of Fifipeh (around neck) {Spirit rPois Regen+ Int+3}
   (You found it on level 1 of the Lair of Beasts)

   [amulet of guardian spirit]

   Spirit:    It causes incoming damage to be divided between your reserves of
   health and magic.
   Int+3:     It affects your intelligence (+3).
   rPois:     It protects you from poison Regen+: It increases your rate of
   health regeneration.
 V - a ring of protection from cold
Wands
 q - a wand of digging (13)
 u - a wand of polymorph (3)
 y - a wand of flame (23)
 S - a wand of acid (10)
 U - a wand of roots (9)
 Z - a wand of paralysis (8)
Scrolls
 c - 3 scrolls of summoning
 d - 3 scrolls of immolation {!r}
 e - 2 scrolls of enchant weapon
 f - 3 scrolls of enchant armour
 g - 12 scrolls of teleportation
 k - 4 scrolls of blinking
 s - 2 scrolls of fog
 x - a scroll of silence
 F - 3 scrolls of fear
 L - 2 scrolls of revelation
 W - 4 scrolls of poison
Potions
 h - 8 potions of curing {@q1}
 i - 8 potions of attraction {!q}
 l - 5 potions of invisibility
 n - 8 potions of lignification {!q}
 t - 4 potions of heal wounds {@q2}
 v - 5 potions of haste {unknown}
 z - 2 potions of might
 D - 12 potions of ambrosia
 E - a potion of resistance
 J - a potion of berserk rage {!q}
 M - 2 potions of mutation {!q}
 P - a potion of cancellation
 R - 2 potions of degeneration {unknown}
 T - 3 potions of enlightenment
 X - a potion of magic {unknown}
Miscellaneous
 B - a phantom mirror
 Y - a phial of floods


   Skills:
 - Level 16.0 Fighting
 + Level 19.5 Axes
 - Level 12.0 Armour
 - Level 5.0 Dodging
 - Level 3.2 Shields
 - Level 7.0 Evocations


You had 15 spell levels left.
You didn't know any spells.
Your spell library contained the following spells:

 Spells                   Type           Power      Damage    Failure   Level
 Sting                    Conj/Alch      0%         1d3       94%         1
 Ensorcelled Hibernation  Hex/Ice        0%         N/A       98%         2
 Mercury Vapours          Alch/Air       0%         N/A       98%         2
 Fugue of the Fallen      Necr           0%         N/A       100%        3
 Passwall                 Erth           0%         N/A       100%        3
 Stone Arrow              Conj/Erth      0%         3d7       100%        3
 Swiftness                Air            0%         N/A       100%        3
 Tukima's Dance           Hex            0%         N/A       100%        3
 Anguish                  Hex/Necr       0%         N/A       100%        4
 Animate Armour           Summ/Erth      0%         N/A       100%        4
 Ignite Poison            Fire/Alch      0%         N/A       100%        4
 Olgreb's Toxic Radiance  Alch           0%         N/A       100%        4
 Passage of Golubria      Tloc           0%         N/A       100%        4
 Petrify                  Alch/Erth      0%         N/A       100%        4
 Freezing Cloud           Conj/Ice/Air   0%         6-21      100%        5
 Irradiate                Conj/Alch      0%         3d11      100%        5
 Yara's Violent Unravell  Hex/Alch       0%         3d3       100%        5
 Lehudib's Crystal Spear  Conj/Erth      0%         10d2      100%        8
 Cigotuvi's Dreadful Rot  Necr/Alch/Air  Unusable   N/A       N/A         2
 Sublimation of Blood     Necr           Unusable   N/A       N/A         2

Dungeon Overview and Level Annotations

Branches:
Dungeon (15/15)            Temple (1/1) D:7            Lair (5/5) D:8
  Swamp (0/4) Lair:3       Spider (0/4) Lair:2        Slime (0/5) Lair:4
    Orc (2/2) D:10            Elf (0/3) Orc:2        Vaults (0/5) D:13
 Depths (0/4) D:15        Volcano (visited)

Altars:
Ashenzari
Cheibriados
Dithmenos
Elyvilon
Fedhas
Gozag
Hepliaklqana
Kikubaaqudgha
Makhleb
Nemelex Xobeh
Okawaru
Qazlal
Ru
Sif Muna
Trog
Uskayaw
Vehumet
Wu Jian
Xom
Yredelemnul
Zin
The Shining One
Jiyva
Lugonu

Shops:
D:11 *

Portals:
Abyss: Lair:5

Annotations:
D:3 1 runed translucent door, Crazy Yiuf
D:4 exclusion: downstairs
D:9 exclusion: 2 downstairs
D:14 Roxanne
D:15 5 runed translucent doors
Lair:4 2 transporters, 1 runed translucent door, exclusion: oklob plant, qwarkbark's ghost, journeyman GrEE


Innate Abilities, Weirdness & Mutations

You are immune to sickness and miasma.
Your stone body is resilient. (AC +12)
You are immune to poison.
Your large and strong wings let you fly.
You resist negative energy. (rN+)
You are resistant to electric shocks. (rElec)
You are resistant to unholy torment.
You are immune to petrification.


Message History

An orc high priest and a two-headed ogre come into view.
Found a wyvern skeleton.
The orc high priest shouts!
The two-headed ogre shouts in stereo!
The orc priest barely misses you.
You slash the orc knight!
The orc knight is moderately wounded.
The orc knight roars a battlecry!
The orcs go into a battle-frenzy!
An orc knight comes into view. It is wielding a +0 battleaxe.
The orc priest closely misses you. The orc knight closely misses you.
The orc knight shouts!
You chop the orc knight into pieces!!!
You kill the orc knight!
Trog accepts your kill.
A kobold blastminer comes into view.
The orc knight roars a battlecry!
The orc knight goes into a battle-frenzy!
The orc priest barely misses you.
You hear a shout!
You slash the two-headed ogre!
The two-headed ogre is lightly wounded.
The orc priest hits you but does no damage.
The two-headed ogre hits you with a +0 giant club!
The two-headed ogre hits you with a +0 dire flail!
You dice the two-headed ogre like an onion!!!
The two-headed ogre is severely wounded.
The orc high priest calls upon Beogh to heal the orc knight.
The orc knight is healed somewhat.
The orc priest closely misses you. The two-headed ogre misses you.
The two-headed ogre hits you with a +0 dire flail.
The orc priest hits you from afar with a +0 trident!
The orc knight hits you with a +2 battleaxe!!!
You slash the two-headed ogre!
The two-headed ogre is almost dead.
You slice the orc knight!!
The orc knight hits you with a +2 battleaxe!!
* * * LOW HITPOINT WARNING * * *
The orc priest invokes the aid of Beogh against you.
Beogh smites you!
You die...

###..>))#..## #.#..........
#.....)##.).####....##.....
#.....))###.)#.......#..#..
#.....)...##.)............#
#..........##..............
#######.....##..##.##......
≣≣#)...##.####.......
≣#...#...##........
#@..#...#.........
≣oO.##..###........
K.oo.#...###........
..÷.÷.##....#.........
...÷...##....#........#.
...÷...#.....#..#.#....#
.....≣##....))..##....##
...÷≣≣......)).##.....##
≣≣≣≣≣≣≣......)....#..#.)..


You could see an orc knight (strong), an orc high priest (strong), a two-headed
ogre, a kobold blastminer and an orc priest (strong).

Vanquished Creatures
  Jorgrun (D:13)
  Gastronok (Lair:3)
  Kirke (D:14)
  Nessos (D:15)
  A red draconian (Volcano)
  The ghost of Henri the Martial Artist, a journeyman OpSh of Dithmenos (Lair:1)
  A great orb of eyes (Lair:1)
  A rakshasa (D:15)
  2 vault guards (D:13)
  8 hydras
  An ogre mage (Volcano)
  A catoblepas (Lair:3)
  4 centaur warriors
  A deep troll earth mage (D:15)
  9 two-headed ogres
  5 boulder beetles
  9 death yaks
  4 thrashing horrors (Lair:5)
  An orc high priest (Orc:2)
  2 skysharks
  5 skeletal warriors
  A flayed ghost (D:15)
  An arcanist (D:13)
  A harpy (shapeshifter) (Lair:5)
  2 bog bodies (Lair:3)
  3 orc knights
  2 deep elf pyromancers
  A necromancer (D:13)
  A lindwurm (Lair:5)
  16 ugly things
  A wolf spider (D:15)
  3 orc sorcerers (Orc:2)
  6 cyclopes
  2 manticores
  A kobold blastminer (Orc:2)
  8 black mambas
  7 elephants
  A torpor snail (Lair:3)
  10 cane toads
  A cane toad (shapeshifter) (Lair:5)
  4 gargoyles
  4 kobold demonologists (D:12)
  An unseen horror (D:11)
  2 rime drakes
  A freezing wraith (D:15)
  A yaktaur (D:13)
  8 komodo dragons
  A queen bee (Lair:3)
  5 polar bears
  2 raiju (Lair:5)
  5 trolls
  10 dream sheep
  29 blink frogs
  10 slime creatures
  A shadow (D:10)
  3 vampires
  2 spriggans (Lair:5)
  55 yaks
  3 wraiths
  3 wyverns
  7 basilisks
  4 hogs (D:14)
  13 vampire mosquitoes
  4 steam dragons
  A warg (Orc:2)
  19 humans (D:13)
  2 redbacks (Lair:2)
  4 chaos spawn (Lair:5)
  2 acid dragons
  12 water moccasins
  A meliai simulacrum (D:15)
  An ice beast (D:5)
  4 laughing skulls (D:14)
  12 orc warriors
  2 boggarts (D:10)
  14 small abominations (Lair:5)
  14 wolves
  3 ogres
  11 centaurs
  A phantom (D:5)
  7 kobold brigands
  Blork the orc (D:4)
  20 bullfrogs
  2 gnoll sergeants (D:12)
  4 scorpions
  7 wights
  A hornet simulacrum (D:14)
  30 killer bees
  4 howler monkeys
  3 hounds
  2 bombardier beetles (D:4)
  11 orc priests
  7 jellies
  3 iguanas
  3 sleepcaps (D:5)
  Natasha (D:4)
  Terence (D:3)
  14 orc wizards
  22 gnolls
  6 adders
  A shadow imp (D:5)
  3 white imps
  2 ribbon worms (D:2)
  2 dart slugs
  53 orcs
  8 endoplasms
  3 giant cockroaches
  4 goblins
  6 hobgoblins
  4 jackals (D:1)
  9 quokkas
  7 ball pythons
  3 bats
  5 frilled lizards
  24 kobolds
  6 rats
698 creatures vanquished.

Vanquished Creatures (collateral kills)
  Rupert (D:14)
  Frances (D:12)
  A hydra (Lair:4)
  A skeletal warrior (D:14)
4 creatures vanquished.

Vanquished Creatures (others)
  A human (D:14)
  An ogre (D:5)
  2 scorpions (D:5)
  A bombardier beetle (D:5)
  A dart slug (D:5)
  3 orcs
9 creatures vanquished.

Grand Total: 711 creatures vanquished

Notes
Turn   | Place    | Note
-------+----------+-------------------------------------------
     0 | D:1      | Kenran the Gargoyle Fighter began the quest for the Orb.
     0 | D:1      | Reached XP level 1. HP: 14/14 MP: 1/1
    30 | D:1      | Reached skill level 2 in Axes
    39 | D:1      | Reached XP level 2. HP: 15/19 MP: 2/2
   186 | D:1      | Found a faded altar of an unknown god.
   487 | D:1      | Reached skill level 3 in Axes
   526 | D:1      | Reached XP level 3. HP: 19/23 MP: 3/3
   814 | D:2      | Found a hide-covered altar of Uskayaw.
  1022 | D:2      | Reached XP level 4. HP: 25/28 MP: 4/4
  1193 | D:2      | Reached skill level 4 in Axes
  1239 | D:3      | Identified the +5 falchion "Beastslayer" {freeze, Will+}
  1611 | D:3      | Found a runed translucent door.
  1612 | D:3      | Noticed Crazy Yiuf
  1805 | D:3      | Noticed Terence
  1814 | D:3      | Killed Terence
  1815 | D:3      | Reached XP level 5. HP: 29/32 MP: 5/5
  2412 | D:4      | Reached skill level 5 in Axes
  2540 | D:4      | Noticed Blork the orc
  2545 | D:4      | Killed Blork the orc
  2546 | D:4      | Reached XP level 6. HP: 36/37 MP: 6/6
  2551 | D:4      | Reached skill level 6 in Axes
  2788 | D:4      | Noticed Natasha
  2797 | D:4      | Killed Natasha
  3015 | D:4      | Reached XP level 7. HP: 41/41 MP: 7/7
  3087 | D:5      | Entered Level 5 of the Dungeon
  3087 | D:5      | Noticed a steam dragon
  3257 | D:4      | Killed a steam dragon
  3258 | D:4      | Reached skill level 7 in Axes
  3440 | D:5      | Reached skill level 8 in Axes
  3531 | D:5      | Found a shimmering altar of Xom.
  3565 | D:5      | Reached XP level 8. HP: 41/48 MP: 8/8
  3729 | D:5      | Found a snail-covered altar of Cheibriados.
  4065 | D:5      | Reached skill level 5 in Fighting
  4506 | D:5      | Found an iron altar of Okawaru.
  4614 | D:6      | Identified the +0 ring mail "Mugul" {Fly}
  4668 | D:6      | Reached skill level 9 in Axes
  4719 | D:6      | Reached XP level 9. HP: 55/55 MP: 9/9
  5100 | D:6      | Reached skill level 10 in Axes
  5391 | D:7      | Found a staircase to the Ecumenical Temple.
  5415 | Temple   | Entered the Ecumenical Temple
  5432 | Temple   | Became a worshipper of Trog the Wrathful
  5912 | D:7      | Reached * piety under Trog
  6542 | D:8      | Reached skill level 11 in Axes
  6620 | D:8      | Found a staircase to the Lair.
  6684 | D:8      | Reached XP level 10. HP: 64/64 MP: 10/10
  6786 | D:8      | Found an ornate altar of the Wu Jian Council.
  6820 | D:8      | Identified the +0 ring mail of the Clam {rCorr Int-3
                  | Slay+3}
  7135 | D:9      | Found a blossoming altar of Fedhas.
  7344 | D:9      | Reached ** piety under Trog
  7345 | D:9      | Reached skill level 12 in Axes
  7558 | D:9      | Found a shadowy altar of Dithmenos.
  7689 | D:10     | Entered Level 10 of the Dungeon
  7746 | D:10     | Noticed a boulder beetle
  7967 | D:10     | Killed a boulder beetle
  7968 | D:10     | Reached skill level 5 in Armour
  8100 | D:10     | Found a staircase to the Orcish Mines.
  8440 | D:10     | Noticed a two-headed ogre
  8461 | D:10     | Noticed a two-headed ogre
  8643 | D:11     | Found Esicrun's Gadget Gallery.
  8648 | D:11     | Reached XP level 11. HP: 71/71 MP: 11/11
  8653 | D:11     | Bought a wand of roots (2) for 81 gold pieces
  8794 | D:11     | Noticed a cyclops
  8802 | D:11     | Killed a cyclops
  8811 | D:11     | Noticed a centaur warrior
  8819 | D:11     | Killed a centaur warrior
  8886 | D:11     | Reached skill level 10 in Fighting
  9446 | D:10     | Reached skill level 13 in Axes
  9596 | D:10     | Killed a two-headed ogre
 10338 | Lair:1   | Entered Level 1 of the Lair of Beasts
 10386 | Lair:1   | Identified the amulet of Fifipeh {Spirit rPois Regen+
                  | Int+3}
 10483 | Lair:1   | Reached skill level 1 in Evocations
 10681 | Lair:1   | Reached XP level 12. HP: 60/80 MP: 8/12
 10848 | Lair:1   | Reached *** piety under Trog
 10862 | Lair:1   | Found the +4 robe of Augmentation {Str+4 Int+4 Dex+4}
 10907 | Lair:1   | Found a runed translucent gate.
 10907 | Lair:1   | Found a runed translucent gate.
 10907 | Lair:1   | Found a runed translucent gate.
 10907 | Lair:1   | Noticed a great orb of eyes
 10907 | Lair:1   | Noticed Henri's ghost (journeyman OpSh)
 11286 | Lair:1   | Found a viscous altar of Jiyva.
 11466 | Lair:2   | Reached skill level 14 in Axes
 11494 | Lair:2   | Identified a scroll of acquirement
 11495 | Lair:2   | Acquired the +5 broad axe of Amergh {heavy, rF+ Dex+5}
 11533 | Lair:2   | Identified the +2 robe of Good Intentions {+Blink rPois
                  | Will- Int+2}
 11700 | Lair:2   | Found a hole to the Spider Nest.
 11792 | Lair:2   | Identified the beast talisman of Reghini {rElec}
 11870 | Lair:2   | Identified the +4 scale mail "Ciyff" {rPois rF+}
 11880 | Lair:2   | Reached skill level 5 in Evocations
 12534 | Lair:3   | Noticed a death yak
 12541 | Lair:3   | Killed a death yak
 12552 | Lair:3   | Found a dark tunnel.
 12560 | Volcano  | Entered a volcano
 12597 | Volcano  | Noticed a two-headed ogre
 12597 | Volcano  | Noticed an ogre mage
 12599 | Volcano  | Noticed a two-headed ogre
 12600 | Volcano  | Killed a two-headed ogre
 12603 | Volcano  | Killed an ogre mage
 12604 | Volcano  | Reached XP level 13. HP: 80/86 MP: 10/13
 12641 | Volcano  | Noticed a red draconian
 12648 | Volcano  | Reached skill level 10 in Armour
 12651 | Volcano  | Killed a red draconian
 12665 | Volcano  | Identified the dragon-blood talisman of the Comet {*Slow
                  | rC+ rN+}
 12696 | Volcano  | Reached skill level 15 in Axes
 12749 | Lair:3   | Reached **** piety under Trog
 12789 | Lair:3   | Found a staircase to the Swamp.
 13034 | Lair:3   | Reached skill level 16 in Axes
 13034 | Lair:3   | Reached ***** piety under Trog
 13200 | Lair:3   | Noticed Gastronok
 13442 | Lair:3   | Killed Gastronok
 13651 | Lair:4   | Found a transporter.
 13663 | Lair:4   | Found a bloodstained altar of Trog.
 13663 | Lair:4   | Noticed qwarkbark's ghost (journeyman GrEE)
 13668 | Lair:4   | Found a transporter.
 14085 | Lair:4   | Reached skill level 1 in Dodging
 14095 | Lair:4   | Gained mutation: Your large and strong wings let you fly.
                  | [Gargoyle growth]
 14095 | Lair:4   | Reached XP level 14. HP: 92/92 MP: 14/14
 14127 | Lair:4   | Received a gift from Trog
 14211 | Lair:4   | Found a runed translucent door.
 14211 | Lair:4   | Found a viscous altar of Jiyva.
 14212 | Lair:4   | Found a staircase to the Slime Pits.
 14212 | Lair:4   | Noticed an azure jelly
 14212 | Lair:4   | Noticed an azure jelly
 14616 | Lair:5   | Entered Level 5 of the Lair of Beasts
 15428 | Lair:5   | Identified the amulet of Prescription {RegenMP Rampage rN+
                  | Int+2}
 15448 | Lair:5   | Reached XP level 15. HP: 90/99 MP: 12/15
 15519 | Lair:5   | Reached skill level 5 in Dodging
 15572 | Lair:5   | Reached skill level 17 in Axes
 15574 | Lair:5   | Found a corrupted altar of Lugonu.
 15574 | Lair:5   | Found a one-way gate to the infinite horrors of the Abyss.
 16056 | D:12     | You are sucked into a shaft and drop 2 floors!
 16066 | D:14     | Noticed Kirke
 16076 | D:14     | Killed Kirke
 16199 | D:13     | Received a gift from Trog
 16201 | D:13     | Noticed Jorgrun
 16215 | D:13     | Killed Jorgrun
 16615 | D:12     | Reached skill level 18 in Axes
 16645 | D:12     | Found a corrupted altar of Lugonu.
 16946 | D:12     | Noticed Frances
 16953 | D:12     | Killed Frances
 17229 | Lair:1   | Killed Henri's ghost
 17237 | Lair:1   | Reached skill level 15 in Fighting
 17431 | D:13     | Found a gate to the Vaults.
 17629 | D:14     | Acquired 1290 gold pieces
 17815 | D:14     | Reached XP level 16. HP: 110/110 MP: 16/16
 17884 | D:14     | Noticed Roxanne
 17936 | D:14     | Noticed Rupert
 17942 | D:14     | Killed Rupert
 18339 | D:15     | Entered Level 15 of the Dungeon
 18357 | D:15     | Noticed Nessos
 18362 | D:15     | Killed Nessos
 18419 | D:15     | Found a runed translucent door.
 18420 | D:15     | Found a runed translucent gate.
 18420 | D:15     | Found a runed translucent gate.
 18427 | D:15     | Found the +9 staff of Olgreb {rPois∞}
 18432 | D:15     | Found a runed translucent door.
 18571 | D:15     | Found a staircase to the Depths.
 18588 | D:15     | Reached skill level 19 in Axes
 18596 | D:15     | Reached ****** piety under Trog
 18706 | D:15     | Found a runed translucent gate.
 18730 | D:15     | Found an ornate altar of the Wu Jian Council.
 18992 | Orc:1    | Entered Level 1 of the Orcish Mines
 19092 | Orc:2    | Entered Level 2 of the Orcish Mines
 19240 | Orc:2    | Received a gift from Trog
 19374 | Orc:2    | Found a staircase to the Elven Halls.
 19489 | Orc:2    | Killed from afar by an orc priest

Illustrated notes

Levels and vault maps discovered:
D:1:      dpeg_arrival_more_subterranean_lakeside_camping, layout_basic,
          dreamdust_ecumenical_altar_grove, minmay_pentomino_v2
D:2:      layout_basic, basic_altar, minmay_tripent
D:3:      layout_basic, uniq_terence, uniq_crazy_yiuf_cottage
D:4:      layout_loops_corners, uniq_natasha, uniq_blork_the_orc
D:5:      nicolae_cairo_tiling_very_big, layout_basic,
          okawaru_altar_gauntlet_db, mainiacjoe_overflow_paths,
          xom_confusion_cloud, serial_aquarium, aquarium_bridge_straight
          [aquarium_subvault_bridge, aquarium_subvault_window,
          aquarium_subvault_bridge, aquarium_subvault_wall], aquarium_window_2,
          aquarium_window_1, aquarium_window_1, aquarium_window_corner,
          aquarium_view_2f, hellmonk_no_cap
D:6:      layout_basic, kennysheep_nub
D:7:      layout_loops_ring, minmay_temple_entry_tees
D:8:      layout_loops_cross, lemuel_crystal_altar, lair_entry_dummy,
          serial_park_tiny_1
D:9:      layout_rooms, grunt_dithmenos_smoke_and_mirrors, fedhas_ov_isle_minmay
D:10:     layout_basic, orc_0_dummy, nicolae_phantomly_mirrored
D:11:     layout_loops_ring, nicolae_shop_gadgets
D:12:     layout_cross, marbit_kobold_abyssish, uniq_frances
D:13:     layout_rooms, grunt_vaults_entry_tiered, uniq_jorgrun
D:14:     layout_loops_ring, gauntlet_entry_generic, uniq_kirke, uniq_rupert,
          uniq_roxanne
D:15:     hellmonk_depths_entry_around_the_bend, layout_cave_pools,
          pdpol_wu_jian_five_deadly_venoms,
          minmay_guarded_unrand_staff_of_olgreb, uniq_nessos
Temple:   lightli_temple_of_artemis
Lair:1:   layout_cave_pods, gammafunk_ghost_ooze
Lair:2:   layout_long_grid, spider_nest_entry_rubble
Lair:3:   layout_hall_layers, skrybe_swamp_entry_bodies, special_room
          [special_room_bee], enter_volcano_1, minmay_holes,
          serial_bayou_shore_b, serial_bayou_shore_a, uniq_gastronok
Lair:4:   layout_long_grid, slime_entry_2, gammafunk_ghost_wrathful_warriors,
          grunt_megastairs_5
Lair:5:   hellmonk_lair_end_abyssal_woods, layout_loops_ring,
          guppyfry_lair_drakes, infiniplex_staircase_pool
Orc:1:    layout_caves, basic_altar, nicolae_shop_self_help
Orc:2:    grunt_orc_tribal_feast, layout_caves, blackcustard_mines_bat_river

Skill      XL: |  1  2  3  4  5  6  7  8  9 10 11 12 13 14 15 16 |
---------------+-------------------------------------------------+-----
Axes           | 2 3 4 5 6 8 9 11 12 13 14 16 18 19 | 19.5
Fighting       | 6 8 9 11 12 13 16 | 16.0
Armour         | 5 8 9 12 | 12.0
Evocations     | 2 5 7 |  7.0
Dodging        | 1 4 5 |  5.0
Shields        | |  3.2

Action                     |  1- 3 |  4- 6 |  7- 9 | 10-12 | 13-15 | 16-18 || total
---------------------------+-------+-------+-------+-------+-------+-------++-------
  Melee: War axe           |   100 |   102 |   235 |   417 |       |       ||   854
         Broad axe         |       |       |       |    38 |   558 |   161 ||   757
         Trident           |       |       |       |       |    34 |     9 ||    43
 Invoke: Berserk           |       |       |       |     2 |     3 |       ||     5
         Trog's Hand       |       |       |       |       |     4 |       ||     4
         Brothers in Arms  |       |       |       |       |       |     1 ||     1
  Evoke: Wand              |       |       |       |     6 |       |       ||     6
         Phantom mirror    |       |       |       |     1 |     2 |       ||     3
    Use: Scroll            |     1 |     1 |     9 |     9 |     6 |     2 ||    28
         Potion            |       |     1 |     3 |     1 |       |       ||     5
   Stab: Distracted        |       |       |       |       |     1 |       ||     1
 Armour: Scale mail        |    58 |    32 |       |       |       |       ||    90
         Chain mail        |       |    35 |    99 |       |       |       ||   134
         Plate armour      |       |       |   135 |   518 |   636 |   187 ||  1476
         Skin              |       |       |     7 |       |       |       ||     7
  Dodge: Dodged            |    60 |    49 |   124 |   146 |   261 |    85 ||   725
  Block: Buckler           |    18 |     4 |       |       |       |       ||    22
